 Dungeon Crawl Stone Soup version 0.30.1-11-g7821555f0a (webtiles) character file.

Game seed: 15002506174136867095

86 Okkudo the Chopper (level 4, -8/40 HPs)
             Began as a Hill Orc Monk on Dec 8, 2023.
             Mangled by a gnoll
             ... wielding a +0 halberd
              (11 damage)
             ... on level 2 of the Dungeon.
             The game lasted 00:04:17 (1272 turns).

Okkudo the Chopper (Hill Orc Monk)                  Turns: 1272, Time: 00:04:18

Health: -8/40      AC:  8    Str: 15    XL:     4   Next: 49%
Magic:  0/4        EV:  7    Int: 10    God:
Gold:   132        SH:  0    Dex: 13    Spells: 3/3 levels left

rFire   . . .        a - +0 hand axe
rCold   . . .        n - +0 buckler
rNeg    . . .        e - +0 chain mail
rPois   .            (no helmet)
rElec   .            (no cloak)
rCorr   .            (no gloves)
SInv    .            (no boots)
Will    .....        j - amulet of guardian spirit Stlth
                     (no ring)
HPRegen 0.26/turn    (no ring)
MPRegen 0.09/turn

%: guardian spirit
@: confused, ambrosia-drunk
A: no striking features
a: no special abilities


You were on level 2 of the Dungeon.
You visited 1 branch of the dungeon, and saw 2 of its levels.

You collected 132 gold pieces.

Inventory:

Hand Weapons
 a - a +0 hand axe (weapon)
Missiles
 f - 5 atropa-tipped darts (quivered)
Armour
 e - a +0 chain mail (worn)
 n - a +0 buckler (worn)
Jewellery
 b - an amulet of magic regeneration
 d - an amulet of the acrobat
 j - an amulet of guardian spirit (around neck)
 q - a +6 ring of intelligence
Scrolls
 h - 2 scrolls of enchant weapon {unknown}
 i - 2 scrolls of identify {unknown}
 l - 2 scrolls of poison {unknown}
Potions
 g - 3 potions of brilliance {unknown}
 k - a potion of haste {unknown}
 m - a potion of resistance {unknown}
 o - a potion of might {unknown}
 p - a potion of flight {unknown}


   Skills:
 - Level 4.1 Fighting
 * Level 5.6 Axes
 - Level 2.7 Dodging
 + Level 1.5 Shields


You had 3 spell levels left.
You didn't know any spells.
Your spell library was empty.

Dungeon Overview and Level Annotations

Branches:
Dungeon (2/15)

Altars:


Message History

The gnoll hits you with a +0 club.
Keep disrobing? [Y]es or [N]o only, please.
Keep disrobing? [Y]es or [N]o only, please.
Keep disrobing? [Y]es or [N]o only, please.
Keep disrobing?
You stop removing your amulet.
The gnoll barely misses you.
You hit the gnoll but do no damage.
The gnoll is lightly wounded.
The gnoll hits you with a +0 club.
* * * LOW HITPOINT WARNING * * *
The gnoll hits you from afar with a +0 halberd.
* * * LOW HITPOINT WARNING * * *
You hit the gnoll.
The gnoll is severely wounded.
The gnoll hits you but does no damage. The gnoll closely misses you.
You block the gnoll's attack.
You hit the gnoll but do no damage.
The gnoll is severely wounded.
You hit the gnoll. You block the gnoll's attack.
The gnoll hits you with a +0 halberd!
* * * LOW HITPOINT WARNING * * *
You are confused.
You feel invigorated. The gnoll barely misses you.
The gnoll hits you with a +0 halberd!
* * * LOW HITPOINT WARNING * * *
You hit the gnoll.
You kill the gnoll!
You barely miss the gnoll. The gnoll hits you with a +0 halberd.
* * * LOW HITPOINT WARNING * * *
The gnoll hits you with a +0 halberd.
* * * LOW HITPOINT WARNING * * *
You bump into the rock wall.
The gnoll hits you with a +0 halberd.
* * * LOW HITPOINT WARNING * * *
You bump into the rock wall.
The gnoll hits you with a +0 halberd!
* * * LOW HITPOINT WARNING * * *
The gnoll attacks as you move away! The gnoll hits you with a +0 halberd!
You die...

.....# ##########......# #
##.### #....)..........# #
#.## #.########......# #
#..# #.##............# #
##.# #.##.####.#'#########
#.#### #.##.# #.#.# #......
#....### #.##.# #.#.#
#..(... ####...# #.##g#
#.#.# #...... ###.#
#.##@####.#.# #......
#####.####.#)......#.#
#......
#.......##.#.....###.#
.......
#.....#.##.#....)'...+
.......
#.....#..#.#.....###.#
..#####
####.....##...#......<#.#
.. #
#.^......###..#########.###
# #....†...# ##...#
#.......# ### .........#
#.#.###.......# ###..


You could see a gnoll.

Vanquished Creatures
  2 gnolls (D:2)
  2 adders (D:2)
  2 worms
  A dart slug (D:2)
  6 endoplasms
  3 hobgoblins
  3 quokkas
  7 ball pythons
  3 bats
  4 frilled lizards
  4 goblins
  5 kobolds
  2 rats (D:1)
44 creatures vanquished.

Notes
Turn   | Place    | Note
-------+----------+-------------------------------------------
     0 | D:1      | Okkudo the Hill Orc Monk began the quest for the Orb.
     0 | D:1      | Reached XP level 1. HP: 19/19 MP: 1/1
    98 | D:1      | Reached XP level 2. HP: 25/27 MP: 2/2
   518 | D:1      | Reached XP level 3. HP: 31/33 MP: 3/3
   826 | D:2      | Reached skill level 5 in Axes
   942 | D:2      | Reached skill level 1 in Shields
   942 | D:2      | Reached XP level 4. HP: 19/40 MP: 2/4
  1268 | D:2      | HP: 2/40 [gnoll/+0 halberd (5)]
  1272 | D:2      | Mangled by a gnoll

Illustrated notes

Levels and vault maps discovered:
D:1:      dpeg_arrival_brainrot, layout_rooms
D:2:      layout_basic

Skill      XL: |  1  2  3 |
---------------+----------+-----
Fighting       | 4 |  4.1
Axes           | 5 |  5.6
Shields        | 1 |  1.5
Dodging        | |  2.7

Action                     |  1- 3 |  4- 6 || total
---------------------------+-------+-------++-------
  Melee: Hand axe          |   106 |    37 ||   143
    Use: Potion            |       |     1 ||     1
 Armour: Chain mail        |    62 |    15 ||    77
  Dodge: Dodged            |    50 |    17 ||    67
  Block: Buckler           |     7 |     9 ||    16
